 Dungeon Crawl Stone Soup version 0.19.1-1-g22dce08 (webtiles) character file.

18458 loralnil the Eclecticist (level 12, -15/60 (61) HPs)
             Began as a Deep Elf Air Elementalist on Jan 15, 2017.
             Was a High Priest of Sif Muna.
             Demolished by a skeletal warrior
             ... wielding a +0 war axe
             ... led by a death knight
              (31 damage)
             ... on level 12 of the Dungeon.
             The game lasted 00:54:45 (16301 turns).

loralnil the Eclecticist (DEAE)                    Turns: 16301, Time: 00:54:46

HP:   -15/60 (61)   AC: 12    Str:  5    XL:     12   Next: 27%
MP:   17/33         EV: 20    Int: 29    God:    Sif Muna [*****.]
Gold: 305           SH:  0    Dex: 19    Spells: 10 memorised, 10 levels left

rFire  . . .     SeeInvis .     b - +10 dagger of Plague {pierce, Dex+4}
rCold  . . .     Gourm    .     E - +2 robe {Archmagi}
rNeg   . . .     Faith    .     (no shield)
rPois  .         Spirit   .     J - +1 hat
rElec  +         Reflect  .     V - +2 cloak "Sinalan" {+Inv rElec}
rCorr  .         Harm     .     j - +0 pair of gloves
MR     +....                    y - +2 pair of boots
Stlth  +++.......               H - amulet of regeneration
                                C - +3 ring of intelligence
                                u - +4 ring of evasion

@: repel missiles
A: no striking features
a: Divine Energy, Channel Magic, Forget Spell, Renounce Religion, Evoke
Invisibility


You were on level 12 of the Dungeon.
You worshipped Sif Muna.
Sif Muna was extremely pleased with you.
You were not hungry.

You visited 2 branches of the dungeon, and saw 13 of its levels.

You collected 656 gold pieces.
You spent 351 gold pieces at shops.

Inventory:

Hand Weapons
 b - the +10 dagger of Plague (weapon) {pierce, Dex+4}
   (You found it on level 8 of the Dungeon)

   It inflicts extra damage upon your enemies.
   It affects your dexterity (+4).
Armour
 j - a +0 pair of gloves (worn)
 y - a +2 pair of boots (worn)
 E - a +2 robe of the Archmagi (worn)
 J - a +1 hat (worn)
 P - a +0 robe of resistance
 V - the +2 cloak "Sinalan" (worn) {+Inv rElec}
   (You bought it in a shop on level 7 of the Dungeon)

   It insulates you from electricity.
   It lets you turn invisible.
Jewellery
 u - a +4 ring of evasion (left hand)
 C - a +3 ring of intelligence (right hand)
 G - an uncursed ring of protection from cold
 H - an amulet of regeneration (around neck)
Wands
 K - a wand of disintegration (18/24)
Scrolls
 a - 2 scrolls of noise {unknown}
 f - a scroll of recharging
 h - a scroll of enchant weapon
 o - 2 scrolls of remove curse
 q - 2 scrolls of magic mapping
 s - 4 scrolls of enchant armour {unknown}
 z - a scroll of fear {unknown}
 A - a scroll of random uselessness {unknown}
 F - 7 scrolls of teleportation {unknown}
 L - 2 scrolls of blinking {unknown}
 M - 4 scrolls of amnesia {unknown}
 T - a scroll of brand weapon {unknown}
 W - a scroll of acquirement {unknown}
 Z - a scroll of immolation {unknown}
Potions
 e - a potion of lignification
 m - a potion of cancellation
 n - 2 potions of agility
 r - a potion of ambrosia
 t - 3 potions of heal wounds
 v - a potion of flight
 w - 5 potions of haste
 x - 2 potions of invisibility
 I - 2 potions of mutation
 N - 3 potions of brilliance
 U - 3 potions of might {unknown}
Books
 i - a book of Conjurations

   Spells                             Type                      Level
   a - Magic Dart                     Conjuration                  1
   b - Searing Ray                    Conjuration                  2
   c - Dazzling Spray                 Conjuration/Hexes            3
   d - Fulminant Prism                Conjuration/Hexes            4
   e - Iskenderun's Mystic Blast      Conjuration                  4
   f - Iskenderun's Battlesphere      Conjuration/Charms           5
 Q - a book of the Tempests

   Spells                             Type                      Level
   a - Static Discharge               Conjuration/Air              3
   b - Lightning Bolt                 Conjuration/Air              5
   c - Fireball                       Conjuration/Fire             5
   d - Tornado                        Air                          9
   e - Shatter                        Earth                        9
Comestibles
 c - 7 bread rations
 d - a royal jelly
 p - 8 slices of pizza
 B - 5 meat rations


   Skills:
 + Level 1.5 Fighting
 + Level 0.8 Short Blades
 + Level 5.6 Dodging
 + Level 5.0 Stealth
 + Level 15.4 Spellcasting
 + Level 11.7 Conjurations
 + Level 1.9 Charms
 + Level 2.1 Fire Magic
 + Level 10.8 Air Magic


You had 10 spell levels left.
You knew the following spells:

 Your Spells              Type           Power        Failure   Level  Hunger
a - Shock                 Conj/Air       ####         1%          1    None
b - Repel Missiles        Chrm/Air       ######       1%          2    None
c - Swiftness             Chrm/Air       ######..     1%          2    None
d - Static Discharge      Conj/Air       #######.     1%          3    None
e - Lightning Bolt        Conj/Air       #######...   1%          5    None
f - Fireball              Conj/Fire      #######...   4%          5    None
g - Dazzling Spray        Conj/Hex       ######       1%          3    None
h - Ensorcelled Hibernat  Hex/Ice        ####..       3%          2    None
i - Confuse               Hex            ####....     10%         3    None
j - Iskenderun's Battles  Conj/Chrm      #######.     4%          5    None


Dungeon Overview and Level Annotations

Branches:
Dungeon (12/15)            Temple (1/1) D:7            Lair (0/6) D:9
    Orc: D:9-12

Altars:
Ashenzari
Cheibriados
Dithmenos
Elyvilon
Fedhas
Gozag
Hepliaklqana
Kikubaaqudgha
Makhleb
Nemelex Xobeh
Okawaru
Qazlal
Ru
Sif Muna
Trog
Uskayaw
Vehumet
Xom
Yredelemnul
Zin
The Shining One

Shops:
D:7 *%[(=


Message History

The skeletal warrior is struck by lightning.
The skeletal warrior is severely damaged.
The lightning arcs!
You are struck by lightning.
You resist.
The lightning arcs!
The skeletal warrior is struck by lightning.
The skeletal warrior is almost destroyed.
The lightning grounds out.
The skeletal warrior hits you with a war axe!!
* * * LOW HITPOINT WARNING * * *
Casting: Static Discharge
Confirm with . or Enter, or press ? or * to list all spells.
You feel a surge of power!
The skeletal warrior is struck by lightning.
The skeletal warrior is almost destroyed.
The lightning arcs!
You are struck by lightning.
You resist.
* * * LOW HITPOINT WARNING * * *
The lightning grounds out.
The skeletal warrior hits you with a war axe!!
Ouch! That really hurt!
You die...

#..#####..#
#..#####..#
#.........#
#.........#
#....####.#
#....####.#
#.........#
#.........#
#...@######
#...z#
#....#
#....#
#.....
#....#
#....#
#.....


You could see a skeletal warrior.

Vanquished Creatures
  2 hydras
  The ghost of esteth the Martial Artist, a novice MfTm of Okawaru (D:10)
  Pikel (D:4)
  2 hill giants
  A deep elf mage (D:11)
  A cyclops (D:11)
  A manticore (D:11)
  Maurice (D:9)
  Psyche (D:9)
  2 trolls
  A hippogriff (D:9)
  2 dream sheep
  Sigmund (D:4)
  A wraith (D:12)
  The ghost of TuxedoFelix the Shield-Bearer, an amateur MiFi (D:4)
  30 yaks
  2 hungry ghosts
  2 steam dragons
  A water moccasin (D:6)
  An eye of draining (D:11)
  7 orc warriors
  4 ice beasts
  8 ogres
  6 sky beasts
  2 phantoms
  7 centaurs
  2 necrophages
  4 big kobolds
  2 bullfrogs (D:8)
  2 scorpions
  15 killer bees
  9 wights
  A howler monkey (D:4)
  5 crimson imps
  3 bullfrog zombies
  4 jellies
  5 hounds
  12 orc wizards
  4 orc priests
  3 centaur skeletons
  2 bullfrog skeletons
  Terence (D:3)
  3 iguanas
  10 worker ants
  A hound skeleton (D:10)
  A howler monkey zombie (D:11)
  2 worker ant zombies
  4 gnolls
  7 adders
  2 shadow imps
  An ooze (D:3)
  An adder zombie (D:9)
  2 adder skeletons (D:7)
  3 worms
  3 dart slugs
  8 leopard geckos
  42 orcs
  14 bats
  7 giant cockroaches
  14 goblins
  8 hobgoblins
  16 jackals
  6 quokkas
  A ball python (D:1)
  8 frilled lizards
  12 kobolds
  A leopard gecko skeleton (D:7)
  A leopard gecko zombie (D:5)
  A quokka zombie (D:9)
  20 rats
362 creatures vanquished.

Vanquished Creatures (others)
  2 slaves (D:4)
  2 plants
4 creatures vanquished.

Grand Total: 366 creatures vanquished

Notes
Turn   | Place    | Note
-------+----------+-------------------------------------------
     0 | D:1      | loralnil the Deep Elf Air Elementalist began the quest for the Orb.
     0 | D:1      | Reached XP level 1. HP: 10/10 MP: 6/6
   174 | D:1      | Reached XP level 2. HP: 15/15 MP: 2/8
   722 | D:1      | Reached XP level 3. HP: 19/19 MP: 3/10
   754 | D:1      | Learned a level 2 spell: Repel Missiles
  1134 | D:2      | Learned a level 2 spell: Swiftness
  1138 | D:2      | Learned a level 3 spell: Static Discharge
  1154 | D:2      | Reached skill level 4 in Spellcasting
  1364 | D:2      | Found a white marble altar of Elyvilon.
  1894 | D:3      | Reached XP level 4. HP: 24/24 MP: 7/12
  2164 | D:3      | Noticed Terence
  2186 | D:3      | Killed Terence
  2411 | D:3      | Reached skill level 5 in Spellcasting
  2684 | D:3      | Reached XP level 5. HP: 28/28 MP: 10/14
  3225 | D:3      | Noticed an ogre
  3242 | D:3      | Killed an ogre
  3242 | D:3      | Reached XP level 6. HP: 32/32 MP: 7/16
  3425 | D:3      | Reached skill level 6 in Spellcasting
  3427 | D:3      | Noticed an ice beast
  3520 | D:4      | Noticed TuxedoFelix's ghost (amateur MiFi)
  3553 | D:5      | Entered Level 5 of the Dungeon
  3623 | D:5      | Found a burning altar of Makhleb.
  3937 | D:5      | Noticed a sky beast
  4143 | D:6      | Got a wavering granite ring
  4211 | D:6      | Identified the ring "Piggen" {*Tele Str+5} (You found it on level 6 of the Dungeon)
  4274 | D:6      | Noticed a water moccasin
  4280 | D:6      | Killed a water moccasin
  4280 | D:6      | Reached skill level 7 in Spellcasting
  4280 | D:6      | Reached skill level 5 in Air Magic
  4280 | D:6      | Reached XP level 7. HP: 36/36 MP: 11/19
  4287 | D:6      | Learned a level 5 spell: Lightning Bolt
  5115 | D:6      | Reached skill level 5 in Conjurations
  5124 | D:6      | Reached skill level 8 in Spellcasting
  5124 | D:6      | Reached XP level 8. HP: 12/41 MP: 4/22
  5334 | D:7      | Found Zuseceg's Assorted Antiques.
  5414 | D:7      | Bought a scroll of identify for 52 gold pieces
  5414 | D:7      | Bought a scroll of identify for 52 gold pieces
  5424 | D:7      | Found Wiocef's Food Shoppe.
  5434 | D:7      | Found a staircase to the Ecumenical Temple.
  5437 | D:7      | Found Gurrekal's Antique Armour Shop.
  5443 | Temple   | Entered the Ecumenical Temple
  5451 | Temple   | Became a worshipper of Sif Muna the Loreminder
  5468 | D:7      | Reached skill level 1 in Charms
  5489 | D:7      | Reached skill level 9 in Spellcasting
  5651 | D:7      | Found an ancient bone altar of Kikubaaqudgha.
  5757 | D:9      | Noticed Maurice
  5769 | D:9      | Killed Maurice
  5769 | D:9      | Reached * piety under Sif Muna
  6077 | D:9      | Reached XP level 9. HP: 34/45 MP: 11/24
  6211 | D:9      | Reached skill level 10 in Spellcasting
  6487 | D:9      | Reached ** piety under Sif Muna
  6629 | D:9      | Reached skill level 11 in Spellcasting
  6942 | D:9      | Reached XP level 10. HP: 51/51 MP: 9/27
  7108 | D:9      | Noticed Psyche
  7117 | D:9      | Killed Psyche
  7117 | D:9      | Reached skill level 12 in Spellcasting
  7191 | D:9      | Found a staircase to the Lair.
  7205 | D:9      | Reached *** piety under Sif Muna
  7251 | D:10     | Entered Level 10 of the Dungeon
  7340 | D:10     | Noticed a hill giant
  7382 | D:10     | Reached skill level 1 in Fighting
  7539 | D:10     | Noticed a six-headed hydra
  7663 | D:10     | Killed a hill giant
  7772 | D:10     | Killed a six-headed hydra
  7860 | D:10     | Noticed esteth's ghost (novice MfTm)
  7878 | D:10     | Noticed a hill giant
  7888 | D:9      | Killed a hill giant
  7888 | D:9      | Reached **** piety under Sif Muna
  7925 | D:9      | Reached skill level 13 in Spellcasting
  8063 | D:10     | Killed esteth's ghost
  8063 | D:10     | Reached skill level 10 in Conjurations
  8236 | D:10     | Reached XP level 11. HP: 56/56 MP: 4/30
  9173 | D:10     | Reached skill level 5 in Dodging
  9421 | D:11     | Noticed a two-headed hydra
  9423 | D:11     | Killed a two-headed hydra
  9633 | D:11     | Reached ***** piety under Sif Muna
  9633 | D:11     | Reached skill level 14 in Spellcasting
  9997 | D:11     | Received a gift from Sif Muna
 10161 | D:11     | Learned a level 5 spell: Fireball
 10414 | D:12     | Learned a level 3 spell: Dazzling Spray
 10700 | D:11     | Noticed a deep elf mage
 10705 | D:11     | Killed a deep elf mage
 10705 | D:11     | Reached skill level 1 in Fire Magic
 10822 | D:11     | Reached skill level 10 in Air Magic
 11231 | D:8      | Found a blossoming altar of Fedhas.
 11249 | D:8      | Got a pitted dagger
 11250 | D:8      | Identified the +10 dagger of Plague {pierce, Dex+4} (You found it on level 8 of the Dungeon)
 12579 | D:8      | Reached skill level 5 in Stealth
 12734 | D:7      | Found Luupab's Jewellery Boutique.
 12756 | D:7      | Found Kazi's Weapon Shoppe.
 12998 | D:7      | Reached XP level 12. HP: 46/61 MP: 24/32
 13116 | D:7      | Bought a spiked cloak for 247 gold pieces
 13217 | D:7      | Identified the +2 cloak "Sinalan" {+Inv rElec} (You bought it in a shop on level 7 of the Dungeon)
 13485 | D:5      | Found a sparkling altar of Nemelex Xobeh.
 14579 | D:4      | Noticed Pikel
 14584 | D:4      | Killed Pikel
 14584 | D:4      | Reached skill level 15 in Spellcasting
 14637 | D:4      | Noticed Sigmund
 14643 | D:4      | Killed TuxedoFelix's ghost
 14643 | D:4      | Killed Sigmund
 14883 | D:4      | Found a radiant altar of Vehumet.
 15944 | D:12     | Received a gift from Sif Muna
 16001 | D:12     | Learned a level 2 spell: Ensorcelled Hibernation
 16005 | D:12     | Learned a level 3 spell: Confuse
 16013 | D:12     | Learned a level 5 spell: Iskenderun's Battlesphere
 16301 | D:12     | Demolished by a skeletal warrior

Skill      XL: |  1  2  3  4  5  6  7  8  9 10 11 12 |
---------------+-------------------------------------+-----
Spellcasting   | 4 5 7 8 9 11 13 14 15 | 15.4
Conjurations   | 2 3 4 5 6 8 10 11 | 11.7
Air Magic      | 4 5 6 7 9 10 | 10.8
Stealth        | 3 4 5 |  5.0
Dodging        | 3 4 5 |  5.6
Charms         | 1 |  1.9
Fighting       | 1 |  1.5
Fire Magic     | 2 |  2.1
Short Blades   | |  0.8

Action                   |  1- 3 |  4- 6 |  7- 9 | 10-12 || total
-------------------------+-------+-------+-------+-------++-------
Melee: Dagger            |       |     6 |    42 |     5 ||    53
 Cast: Shock             |   104 |   148 |   178 |   352 ||   782
       Static Discharge  |       |     1 |    43 |   170 ||   214
       Swiftness         |       |     3 |     1 |     1 ||     5
       Repel Missiles    |       |       |     3 |       ||     3
       Lightning Bolt    |       |       |       |    26 ||    26
       Dazzling Spray    |       |       |       |    19 ||    19
       Fireball          |       |       |       |     4 ||     4
  Use: Scroll            |       |     9 |     7 |     4 ||    20
       Potion            |       |       |       |     1 ||     1
  Eat: Chunk             |     1 |     1 |     5 |     6 ||    13
       Royal jelly       |     1 |       |       |     1 ||     2
       Meat ration       |       |     1 |       |     2 ||     3
       Fruit             |       |     2 |       |    12 ||    14
       Beef jerky        |       |       |     2 |     1 ||     3
       Pizza             |       |       |       |     1 ||     1
Armor: Robe              |     4 |     4 |    21 |    55 ||    84
Dodge: Dodged            |    16 |    37 |    86 |   184 ||   323
       Deflected         |       |       |     4 |    11 ||    15
